 Dungeon Crawl Stone Soup version 0.18-a0-1126-ga2d7f46 (webtiles) character file.

14475 namelastname112 the Spear-Bearer (level 12, -8/64 HPs)
             Began as a Vine Stalker Monk on Jan 21, 2016.
             Was an Elder of Ashenzari.
             Mangled by an alligator simulacrum (12 damage)
             ... in an ice cave.
             The game lasted 00:32:38 (11561 turns).

namelastname112 the Spear-Bearer (VSMo)            Turns: 11561, Time: 00:32:38

Health: -8/64      AC: 22    Str: 26    XL:     12   Next: 16%
Magic:  0/4        EV: 11    Int: 10    God:    Ashenzari [****..]
Gold:   953        SH:  0    Dex: 21    Spells: 0 memorised, 11 levels left

rFire  . . .     SeeInvis +     W - +5 glaive of Compulsion {holy, rC+ MP-9 Str+10}
rCold  + . .     Gourm    .     B - +5 chain mail "Yredoic" {rElec rPois Regen+ Dex-3} (curse)
rNeg   . . .     Faith    .     (shield currently unavailable)
rPois  +         Spirit   +     a - +0 helmet (curse)
rElec  +         Dismiss  .     O - +0 cloak (curse)
rCorr  .         Reflect  .     e - +1 pair of gloves
SustAt .         Harm     .     (no boots)
MR     +++..     Clarity  +     (no amulet)
Stlth  ..........               f - ring "Huaqaz" {+Inv rPois EV-3 Dex+4} (curse)
                                h - ring of protection from magic (curse)

@: extremely resistant to hostile enchantments, extremely unstealthy
A: claws 1, fangs 3, magic resistance 1, regeneration 3, screaming 1, magic
shield, antimagic bite, no device heal 3, rot immunity
a: Scrying, Renounce Religion, Evoke Invisibility


You were in an ice cave.
You worshipped Ashenzari.
Ashenzari was greatly pleased with you.
You were not hungry.

You visited 4 branches of the dungeon, and saw 15 of its levels.
You also visited: Ossuary, Bailey and Ice Cave.

You collected 1162 gold pieces.
You spent 209 gold pieces at shops.

Inventory:

Hand Weapons
 v - a +0 arbalest
 z - a +1 spear
 W - the +5 glaive of Compulsion (weapon) {holy, rC+ MP-9 Str+10}
   (You found it on level 11 of the Dungeon)

   It has been blessed by the Shining One to cause great damage to the undead
   and demons.
   It affects your strength (+10).
   It protects you from cold.
   It affects your magic capacity (-9).
Missiles
 q - 197 bolts
Armour
 a - a cursed +0 helmet (worn)
 e - a +1 pair of gloves (worn)
 B - the cursed +5 chain mail "Yredoic" (worn) {rElec rPois Regen+ Dex-3}
   (You bought it in a shop on level 4 of the Dungeon)

   It affects your dexterity (-3).
   It insulates you from electricity.
   It protects you from poison.
   It increases your rate of regeneration.
   It has a curse placed upon it.
 O - a cursed +0 cloak (worn)
Jewellery
 f - the cursed ring "Huaqaz" (right hand) {+Inv rPois EV-3 Dex+4}
   (You found it on level 8 of the Dungeon)

   [ring of evasion]

   It affects your evasion (-3).
   It affects your dexterity (+4).
   It protects you from poison.
   It lets you turn invisible.
   It has a curse placed upon it.
 h - a cursed ring of protection from magic (left hand)
 A - an uncursed ring of ice
 F - an uncursed ring of stealth
 T - an uncursed ring of magical power
Wands
 d - a wand of slowing (28/48)
 w - a wand of cold (9/15)
 x - a wand of cold (12/15)
 y - a wand of frost (23/48)
 D - a wand of paralysis (0/24)
 J - a wand of draining (4/15)
 X - a wand of draining (7/15)
Scrolls
 k - 2 scrolls of magic mapping
 l - 5 scrolls of enchant weapon
 o - a scroll of recharging
 r - 4 scrolls of teleportation
 C - a scroll of identify
 I - 2 scrolls of enchant armour
 N - 5 scrolls of curse jewellery
 P - 3 scrolls of curse weapon
 R - 3 scrolls of remove curse
 V - 3 scrolls of blinking {unknown}
Potions
 t - a potion of cure mutation
 E - 9 potions of poison
 G - a potion of might
 H - a potion of cancellation
 K - 2 potions of agility
 L - 6 potions of curing
 Q - 2 potions of haste
 U - a potion of brilliance
Books
 c - a book of Enchantments

   Spells                             Type                      Level
   a - Cause Fear                     Hexes                        4
   b - Yara's Violent Unravelling     Hexes/Transmutation          5
   c - Silence                        Hexes/Air                    5
   d - Deflect Missiles               Charms/Air                   6
   e - Haste                          Charms                       6
   f - Discord                        Hexes                        8
 g - a book of Maledictions

   Spells                             Type                      Level
   a - Corona                         Hexes                        1
   b - Ensorcelled Hibernation        Hexes/Ice                    2
   c - Confuse                        Hexes                        3
   d - Tukima's Dance                 Hexes                        3
   e - Dazzling Spray                 Conjuration/Hexes            3
 u - a book of Debilitation

   Spells                             Type                      Level
   a - Corona                         Hexes                        1
   b - Slow                           Hexes                        2
   c - Gell's Gravitas                Hexes/Translocation          3
   d - Inner Flame                    Hexes/Fire                   3
   e - Cause Fear                     Hexes                        4
   f - Leda's Liquefaction            Hexes/Earth                  4
 M - a book of Alchemy

   Spells                             Type                      Level
   a - Sublimation of Blood           Necromancy                   2
   b - Ignite Poison                  Fire/Transmutation/Poison    3
   c - Condensation Shield            Ice                          4
   d - Petrify                        Transmutation/Earth          4
   e - Alistair's Intoxication        Transmutation/Poison         5
   f - Irradiate                      Conjuration/Transmutation    5
Miscellaneous
 i - a sack of spiders
Comestibles
 b - 16 bread rations
 j - 4 meat rations
 m - 4 royal jellies
 n - 2 slices of pizza
 p - 2 chunks of flesh
 s - a beef jerky
 S - 6 fruits


   Skills:
 + Level 8.0 Fighting
 * Level 9.7 Polearms
 + Level 6.7(10.3) Armour
 + Level 7.1 Dodging
 - Level 2.4 Stealth
 - Level 9.4 Unarmed Combat


You had 11 spell levels left.
You didn't know any spells.

Dungeon Overview and Level Annotations

Branches:
Dungeon (11/15)            Temple (1/1) D:7            Lair (1/8) D:9
    Orc (2/2) D:10            Elf (0/3) Orc:2

Altars:
Ashenzari
Cheibriados
Dithmenos
Elyvilon
Fedhas
Gozag
Kikubaaqudgha
Makhleb
Nemelex Xobeh
Okawaru
Pakellas
Qazlal
Ru
Sif Muna
Trog
Vehumet
Xom
Yredelemnul
Zin
Beogh

Shops:
D:4 [   D:5 (   Orc:1 *


Innate Abilities, Weirdness & Mutations

You have razor-sharp teeth.
You regenerate.
When hurt, damage is shared between your health and your magic reserves.
Your bite disrupts and absorbs the magic of your enemies.
Potions and wands cannot restore your health.
You are immune to rotting.
You have sharp fingernails.
You are resistant to hostile enchantments.
You occasionally shout uncontrollably at your foes.


Message History

You bite the death yak simulacrum. You drain its power.
You feel invigorated. The wolf simulacrum barely misses you.
The death yak simulacrum gores you but does no damage.
The alligator simulacrum bites you but does no damage.
The alligator simulacrum tail-slaps you but does no damage.
The wolf simulacrum bites you but does no damage.
You slice the death yak simulacrum!!
The death yak simulacrum convulses!!
The death yak simulacrum vapourises!
The wolf simulacrum completely misses you.
The alligator simulacrum bites you! The alligator simulacrum freezes you!
You resist. The alligator simulacrum misses you.
You slash the wolf simulacrum!
The wolf simulacrum vapourises!
The alligator simulacrum bites you.
* * * LOW HITPOINT WARNING * * *
The alligator simulacrum freezes you! You resist.
* * * LOW HITPOINT WARNING * * *
The alligator simulacrum tail-slaps you but does no damage.
The alligator simulacrum bites you!
You die...

**,, ≈ *, *
##. * **
**,, ##..,
***, ,,,,
##...** ≈≈
,, ,,
#...#* ≈≈ *
, , *...##
*,,, ,
#...#* ≈
##§§Z##
**,,,
##..@..##*
* *
#...∩...#
*,, *
#.......# ≈
* ,*
##..∩..##
≈***, ,
##...##*≈≈≈
** ##### *
** *


You could see an alligator simulacrum.

Vanquished Creatures
  A centaur warrior (D:11)
  The ghost of PeterLawrence the Basher, a novice GrFi of Okawaru (Bailey)
  2 hill giants (D:8)
  An orc knight (Bailey)
  An ugly thing (D:11)
  Joseph (D:8)
  A black mamba (Lair:1)
  3 trolls
  Sigmund (D:4)
  A spriggan (D:11)
  5 yaks (D:9)
  3 hippogriffs
  3 hungry ghosts
  Menkaure (D:4)
  A death yak simulacrum (IceCv)
  2 wargs
  A water moccasin (D:10)
  Edmund (D:6)
  2 ice beasts
  3 sky beasts
  3 black bears
  24 orc warriors
  A phantom (D:11)
  5 ogres
  4 centaurs
  2 big kobolds
  6 giant frogs
  A gnoll sergeant (D:7)
  2 scorpions (D:9)
  6 killer bees (D:7)
  4 wights (D:11)
  5 crimson imps
  A giant frog zombie (D:11)
  10 orc priests
  8 hounds
  3 jellies
  16 orc wizards
  3 centaur skeletons
  5 giant frog skeletons
  Terence (D:2)
  A human zombie (Ossuary)
  5 iguanas
  7 worker ants
  2 wolf simulacra (IceCv)
  3 big kobold zombies (Ossuary)
  A hound skeleton (D:8)
  5 mummies (Ossuary)
  10 gnolls
  2 worker ant zombies
  11 adders
  2 shadow imps (D:5)
  12 white imps (Lair:1)
  2 oozes
  3 adder zombies
  An adder skeleton (D:8)
  2 worms
  3 giant geckos
  76 orcs
  7 giant cockroaches
  A gnoll zombie (Ossuary)
  12 goblins
  10 hobgoblins
  23 jackals
  7 quokkas
  10 bats
  A giant gecko skeleton (D:4)
  4 giant newts
  23 kobolds
  2 kobold zombies (Ossuary)
  An orc zombie (Ossuary)
  2 quokka zombies (D:7)
  14 rats
410 creatures vanquished.

Notes
Turn   | Place    | Note
--------------------------------------------------------------
     0 | D:1      | namelastname112 the Vine Stalker Monk began the quest for the Orb.
     0 | D:1      | Reached XP level 1. HP: 11/11 MP: 2/2
     2 | D:1      | Found a runed door.
    47 | D:1      | Reached XP level 2. HP: 11/16 MP: 3/3
   377 | D:1      | Reached XP level 3. HP: 17/19 MP: 4/4
   458 | D:1      | Reached skill level 5 in Unarmed Combat
   704 | D:2      | Reached XP level 4. HP: 15/23 MP: 3/5
   829 | D:2      | Noticed Terence
   857 | D:2      | Killed Terence
  1065 | D:2      | Reached skill level 6 in Unarmed Combat
  1536 | D:3      | Reached XP level 5. HP: 27/27 MP: 6/6
  1769 | D:3      | HP: 1/27 [poisoned by an adder]
  2304 | D:4      | Found Utabac's Antique Armour Emporium.
  2493 | D:4      | Noticed Sigmund
  2504 | D:4      | Killed Sigmund
  2504 | D:4      | Reached skill level 7 in Unarmed Combat
  2504 | D:4      | Gained mutation: You heal very quickly. [Vine Stalker growth]
  2504 | D:4      | Reached XP level 6. HP: 17/32 MP: 7/7
  2796 | D:4      | Noticed Menkaure
  2813 | D:4      | Killed Menkaure
  2813 | D:4      | Reached skill level 8 in Unarmed Combat
  2813 | D:4      | Reached XP level 7. HP: 20/35 MP: 4/8
  3012 | D:4      | Reached skill level 9 in Unarmed Combat
  3106 | D:5      | Entered Level 5 of the Dungeon
  3155 | D:5      | Found Roset's Antique Weapon Shoppe.
  3265 | D:5      | Gained mutation: You have razor-sharp teeth. [Vine Stalker growth]
  3265 | D:5      | Reached XP level 8. HP: 39/39 MP: 9/9
  3310 | D:5      | Reached skill level 1 in Armour
  3455 | D:5      | Reached skill level 1 in Polearms
  3798 | D:4      | Bought a heavily runed chain mail for 209 gold pieces
  3808 | D:4      | Identified the +5 chain mail "Yredoic" {rElec rPois Regen+ Dex-3} (You bought it in a shop on level 4 of the Dungeon)
  4061 | D:6      | Noticed Edmund
  4129 | D:6      | Killed Edmund
  4565 | D:7      | Reached XP level 9. HP: 33/46 MP: 10/10
  4581 | D:7      | Found a staircase to the Ecumenical Temple.
  4629 | Temple   | Entered the Ecumenical Temple
  4701 | D:7      | Found a shadowy altar of Dithmenos.
  4734 | D:7      | Found a sand-covered staircase.
  4742 | Ossuary  | Entered an ossuary
  4985 | D:7      | Found a bloodstained altar of Trog.
  4994 | D:7      | Found a blossoming altar of Fedhas.
  5048 | D:7      | Found a blossoming altar of Fedhas.
  5049 | D:7      | Found an ancient bone altar of Kikubaaqudgha.
  5386 | D:7      | Reached skill level 5 in Fighting
  5450 | D:7      | Found a sparkling altar of Nemelex Xobeh.
  5501 | D:7      | Found a burning altar of Makhleb.
  5501 | D:7      | Found a snail-covered altar of Cheibriados.
  5502 | D:7      | Found a shimmering altar of Xom.
  5503 | D:7      | Found a glowing silver altar of Zin.
  5505 | D:7      | Found a deep blue altar of Sif Muna.
  5506 | D:7      | Found a shattered altar of Ashenzari.
  5509 | D:7      | Became a worshipper of Ashenzari the Shackled
  5509 | D:7      | Reached * piety under Ashenzari
  5509 | D:7      | Reached ** piety under Ashenzari
  5648 | D:7      | Reached skill level 5 in Polearms
  5785 | D:8      | Found a stormy altar of Qazlal.
  5802 | D:8      | Identified the cursed ring "Huaqaz" {+Inv rPois EV-3 Dex+4}
  5976 | D:8      | Reached skill level 5 in Dodging
  5976 | D:8      | Reached XP level 10. HP: 47/52 MP: 11/11
  6024 | D:8      | Found a sacrificial altar of Ru.
  6085 | D:8      | Noticed a hill giant
  6180 | D:7      | Gained mutation: You are resistant to hostile enchantments. [potion of mutation]
  6180 | D:7      | Gained mutation: You have sharp fingernails. [potion of mutation]
  6180 | D:7      | Gained mutation: You occasionally shout uncontrollably at your foes. [potion of mutation]
  6225 | D:8      | Killed a hill giant
  6282 | D:8      | Noticed Joseph
  6312 | D:8      | Killed Joseph
  6542 | D:9      | Found an opulent altar of Gozag.
  6663 | D:9      | Noticed a hill giant
  6738 | D:8      | Killed a hill giant
  6882 | D:9      | Reached skill level 5 in Armour
  7004 | D:9      | Found a staircase to the Lair.
  7070 | D:9      | Reached XP level 11. HP: 48/58 MP: 12/12
  7258 | D:10     | Entered Level 10 of the Dungeon
  8112 | D:10     | Reached *** piety under Ashenzari
  8201 | D:10     | Found a staircase to the Orcish Mines.
  8493 | Orc:1    | Entered Level 1 of the Orcish Mines
  8703 | Orc:1    | Found Favvexawoi's Off-Brand Ammunition.
  8967 | Orc:1    | Found a roughly hewn altar of Beogh.
  9189 | Orc:2    | Entered Level 2 of the Orcish Mines
  9191 | Orc:2    | Noticed an ettin
  9398 | D:11     | Found a flagged portal.
  9444 | Bailey   | Entered a bailey
  9642 | Bailey   | Noticed PeterLawrence's ghost (novice GrFi)
  9657 | Bailey   | Killed PeterLawrence's ghost
 10270 | Bailey   | Reached **** piety under Ashenzari
 10456 | Bailey   | Noticed an orc knight
 10630 | Bailey   | Killed an orc knight
 10919 | D:11     | Got the glaive of Compulsion {holy, rC+ MP-9 Str+10}
 10929 | D:11     | Identified the +5 glaive of Compulsion {holy, rC+ MP-9 Str+10} (You found it on level 11 of the Dungeon)
 11094 | D:11     | Noticed a green ugly thing
 11101 | D:11     | Killed a green ugly thing
 11101 | D:11     | Gained mutation: You regenerate. [Vine Stalker growth]
 11101 | D:11     | Reached XP level 12. HP: 64/64 MP: 4/13
 11361 | D:11     | Noticed a centaur warrior
 11368 | D:11     | Killed a centaur warrior
 11463 | Lair:1   | Entered Level 1 of the Lair of Beasts
 11482 | Lair:1   | Found a frozen archway.
 11553 | IceCv    | Entered an ice cave
 11561 | IceCv    | Mangled by an alligator simulacrum

Vault maps used:
D:1:      dpeg_arrival_caged_fury
D:2:      minmay_unequal, uniq_terence
D:3:      nicolae_overflow_hidden_temple
D:4:      black_bear_nest_2, serial_shops, shop, kennysheep_minor_cross,
          uniq_sigmund, uniq_menkaure
D:5:      first_bread, serial_shops, shop
D:6:      uniq_edmund
D:7:      grunt_temple_overflow_growth_and_decay, grunt_dithmenos_smoke,
          minitemple, minmay_temple_entry_large_hall, basic_altar,
          enter_ossuary_1, fedhas_altar_2
D:8:      marbit_many_paths, nicolae_ru_great_annihilating_truth, uniq_joseph
D:9:      lemuel_crystal_altar, lair_0_dummy
D:10:     hiddenorc1_lemuel
D:11:     enter_bailey_3, the_bakery
Temple:   nicolae_temple_hex_pool
Lair:1:   minmay_lair_oklob_tunnel, portal_ice_cave_entry_imps,
          serial_bayou_shore_a
Orc:1:    basic_altar, nicolae_offbrand_ammo
Orc:2:    grunt_orc_community_town_hall, grunt_orc_community_big_house_1,
          grunt_orc_community_big_house_1, grunt_orc_community_house_2,
          grunt_orc_community_house_3, grunt_orc_community_house_1,
          grunt_orc_community_house_3, grunt_orc_community_house_3, basic_altar,
          uniq_nessos
Ossuary:  ossuary_crypta
Bailey:   bailey_polearm_2, bailey
IceCv:    ice_cave_small_necro

Action                   |  1- 3 |  4- 6 |  7- 9 | 10-12 || total
-------------------------+-------+-------+-------+-------++-------
Melee: Unarmed           |   107 |   133 |   517 |   652 ||  1409
       Glaive            |       |       |       |    83 ||    83
 Fire: Arbalest          |       |       |       |    70 ||    70
Evoke: Wand              |       |       |       |    12 ||    12
  Use: Scroll            |       |     4 |     6 |    21 ||    31
       Potion            |       |     2 |       |     4 ||     6
 Stab: Sleeping          |     1 |    12 |     3 |       ||    16
       Distracted        |     2 |       |       |       ||     2
       Paralysed         |       |       |       |     8 ||     8
  Eat: Chunk             |       |     6 |    11 |    22 ||    39
       Beef jerky        |       |       |       |     1 ||     1
